AoeStats
← _Orca_

Nomad

509789005Analyzed
2v2 RM · 3d ago on Sep 28, 2026· 61m 2s· 4 players
Game mode
Random Map
Map size
176×176
Population
200
Speed
Normal
Resources
Standard
Victory
Conquest
Starting age
Dark Age
Ending age
Imperial Age
RankedLock teamsTeams togetherTeam positionsShared explorationLock speedFull tech treeHidden civsTurbo modeCheats
Victory
Defeat
🇨🇱 Spanish · Chile
1398
+15
🇨🇱 Dravidians · Chile
1391
+16
🇨🇳 Spanish · China
1388
-16
🇧🇩 Khitans · Bangladesh
1376
-15
_Orca_
4:44 Loom
13:55 Feudal Age
19:27 Castle Age
18:04 Scale Barding Armor
18:10 Forging
17:51 Fishing Lines
21:41 Light Cavalry
23:57 Chain Barding Armor
23:59 Husbandry
25:29 Iron Casting
24:50 Double-Bit Axe
24:49 Domestication
26:26 Wheelbarrow
25:36 Town Watch
26:10 Fletching
37:41 Imperial Age
38:49 Bow Saw
38:41 Pastoralism
38:33 Gold Mining
38:36 Stone Mining
40:34 Hand Cart
41:21 Two-Man Saw
41:51 Parthian Tactics
42:14 Stone Shaft Mining
43:37 Plate Barding Armor
43:05 Padded Archer Armor
43:19 Hussar
44:42 Conscription
45:40 Bodkin Arrow
46:00 Leather Archer Armor
45:10 Elite Skirmisher
46:26 Bracer
46:05 Heavy Cavalry Archer
46:49 Scale Mail Armor
47:51 Ballistics
47:12 Treadmill Crane
48:23 Capped Ram
49:34 Ordo Cavalry
50:51 Ring Archer Armor
51:30 Chemistry
51:31 Murder Holes
51:55 Siege Ram
54:34 Coinage
58:00 Transhumance
57:48 Chain Mail Armor
58:20 Heavy Camel Rider
黑洞
6:53 Loom
14:04 Feudal Age
18:02 Wheelbarrow
19:45 Castle Age
22:18 Fletching
25:20 Wheelbarrow
27:07 Double-Bit Axe
29:37 Horse Collar
33:26 Padded Archer Armor
35:18 Leather Archer Armor
35:49 Bloodlines
38:41 Heavy Plow
40:38 Bow Saw
46:57 Imperial Age
46:22 Bodkin Arrow
48:06 Bracer
47:53 Elite Skirmisher
50:55 Ballistics
50:39 Pikeman
53:46 Squires
56:03 Ring Archer Armor
55:44 Halberdier
59:41 Scale Mail Armor
59:51 Forging
[BY] Saimon845
5:38 Loom
12:19 Feudal Age
15:37 Town Watch
20:15 Fletching
24:58 Castle Age
27:01 Wheelbarrow
26:22 Pikeman
27:05 Scale Mail Armor
27:16 Forging
28:02 Squires
28:46 Chain Mail Armor
29:58 Hand Cart
31:10 Horse Collar
34:11 Iron Casting
37:30 Imperial Age
35:21 Bodkin Arrow
35:50 Ballistics
35:41 Masonry
35:39 Double-Bit Axe
39:23 Chemistry
38:46 Halberdier
40:05 Bracer
42:36 Medical Corps
45:19 Conscription
47:05 Gambesons
48:27 Light Cavalry
49:08 Husbandry
50:04 Padded Archer Armor
51:04 Blast Furnace
50:16 Scale Barding Armor
51:39 Plate Mail Armor
54:03 Hoardings
53:23 Elite Urumi Swordsman
54:36 Chain Barding Armor
54:27 Thumb Ring
53:46 Elite Skirmisher
57:19 Fishing Lines
58:45 Heavy Plow
[BY] Miguel23
5:19 Loom
9:49 Loom
12:12 Feudal Age
16:30 Castle Age
14:55 Stone Mining
16:01 Double-Bit Axe
17:19 Fishing Lines
21:32 Bow Saw
23:26 Gold Mining
42:34 Wheelbarrow
43:32 Town Watch
50:48 Imperial Age
49:51 Gillnets
49:51 Horse Collar
51:54 Bloodlines
51:50 Scale Barding Armor
51:49 Cavalier
52:30 Husbandry
52:41 Forging
52:54 Chain Barding Armor
53:09 Conscription
54:17 Plate Barding Armor
54:53 Forging
57:13 Iron Casting
58:22 Two-Man Saw
57:34 Light Cavalry
59:12 Hand Cart
58:49 Fletching
60:00 Blast Furnace
58:47 Paladin
Connection lost

Rejoining the realm…

Still unreachable

The connection could not be restored.

Session expired

The server has moved on; the page needs a fresh start.